 Dungeon Crawl Stone Soup version 0.24-a0-439-g6dd8730de2 (webtiles) character file.

Game seed: 6532228668904582777

12364 mhoghedin the Destroyer (level 11, -8/86 HPs)
             Began as a Yellow Draconian Conjurer on June 17, 2019.
             Was a High Priest of Sif Muna.
             Mangled by a six-headed hydra (14 damage)
             ... on level 2 of the Lair of Beasts.
             The game lasted 00:32:30 (11757 turns).

mhoghedin the Destroyer (DrCj)                     Turns: 11757, Time: 00:32:30

Health: -8/86      AC: 16    Str: 10    XL:     11   Next: 61%
Magic:  11/30      EV: 14    Int: 19    God:    Sif Muna [*****.]
Gold:   552        SH:  5    Dex: 12    Spells: 0/24 levels left

rFire    + + .     SeeInvis .   a - +3 Elemental Staff {rElec rF++ rC++ MR++ AC+5}
rCold    + + .     Gourm    .   z - +0 buckler
rNeg     . . .     Faith    .   (armour unavailable)
rPois    .         Spirit   .   (helmet restricted)
rElec    +         Reflect  .   (no cloak)
rCorr    +         Harm     .   (no gloves)
MR       ++...                  (no boots)
Stlth    ++........             r - amulet of the acrobat
HPRegen  0.24/turn              m - ring of magical power {MP+9}
MPRegen  0.22/turn              F - +4 ring of protection

@: studying Dodging, divine energy
A: spit acid, unfitting armour, cold-blooded, acid resistance, AC +7
a: Breathe Acid, Stop Divine Energy, Channel Magic, Forget Spell, Renounce
Religion


You were on level 2 of the Lair of Beasts.
You worshipped Sif Muna.
Sif Muna was extremely pleased with you.
You were not hungry.

You visited 2 branches of the dungeon, and saw 12 of its levels.

You collected 552 gold pieces.

Inventory:

Hand Weapons
 a - the +3 Elemental Staff (weapon) {rElec rF++ rC++ MR++ AC+5}
   (You found it on level 4 of the Dungeon)

   It affects your AC (+5).
   It greatly protects you from fire.
   It greatly protects you from cold.
   It insulates you from electricity.
   It affects your resistance to hostile enchantments.
Missiles
 k - 6 curare-tipped darts (quivered)
 t - a throwing net {=f, !d}
Armour
 z - a +0 buckler (worn)
   (You took it off a gnoll sergeant on level 6 of the Dungeon)
Magical Staves
 b - an uncursed staff of earth
   (You found it on level 8 of the Dungeon)
Jewellery
 m - a ring of magical power (left hand) {MP+9}
   (You found it on level 3 of the Dungeon)
 r - an amulet of the acrobat (around neck)
   (You found it on level 6 of the Dungeon)
 F - a +4 ring of protection (right hand)
   (You found it on level 8 of the Dungeon)
Wands
 d - a wand of disintegration (4)
   (You found it on level 6 of the Dungeon)
 i - a wand of polymorph (9)
   (You took it off a hobgoblin on level 2 of the Dungeon)
 n - a wand of random effects (20)
   (You found it on level 1 of the Lair of Beasts)
 o - a wand of flame (12)
   (You took it off Dowan on level 6 of the Dungeon)
 u - a wand of enslavement (3)
   (You took it off a gnoll on level 6 of the Dungeon)
 w - a wand of acid (13)
   (You took it off a gnoll on level 6 of the Dungeon)
 B - a wand of iceblast (7)
   (You found it on level 8 of the Dungeon)
Scrolls
 c - 2 scrolls of noise {!r}
 e - a scroll of magic mapping {unknown}
 f - 2 scrolls of immolation {!r}
 l - 2 scrolls of fear
 p - 2 scrolls of fog
 s - a scroll of blinking {unknown}
 y - 2 scrolls of remove curse
 C - a scroll of teleportation
 D - 4 scrolls of identify
 E - a scroll of amnesia {unknown}
Potions
 j - 2 potions of heal wounds
Books
 x - a manual of Dodging {!d}
   (You found it on level 6 of the Dungeon)
Miscellaneous
 q - a lightning rod (4/4)
   (You found it on level 1 of the Lair of Beasts)
Comestibles
 g - 4 chunks of flesh {@w0}
 A - 11 rations


   Skills:
 - Level 5.0 Fighting
 - Level 4.6 Staves
 - Level 4.6 Dodging
 - Level 1.7 Stealth
 - Level 4.2 Shields
 - Level 7.1 Spellcasting
 + Level 11.4 Conjurations
 - Level 7.5 Hexes
 + Level 3.1 Earth Magic
 - Level 4.5 Evocations


You couldn't memorise any spells.
You knew the following spells:

 Your Spells              Type           Power        Failure   Level  Hunger
a - Magic Dart            Conj           ####         1%          1    None
b - Searing Ray           Conj           ######       1%          2    None
c - Dazzling Spray        Conj/Hex       #####.       1%          3    #......
d - Fulminant Prism       Conj/Hex       #####.....   1%          4    ###....
e - Force Lance           Conj/Tloc      ####....     10%         4    ###....
f - Iron Shot             Conj/Erth      ####......   58%         6    ######.
x - Iskenderun's Mystic   Conj           ######..     1%          4    ###....

Your spell library contained the following spells:

 Spells                   Type           Power        Failure   Level  Hunger
 Beastly Appendage        Tmut           #.....       10%         1    None
 Yara's Violent Unravell  Hex/Tmut       ###.......   52%         5    #####..
 Lee's Rapid Deconstruct  Erth           ###.......   58%         5    #####..
 Statue Form              Tmut/Erth      ##.......    100%        6    ######.
 Lehudib's Crystal Spear  Conj/Erth      ####......   100%        8    #######
 Necromutation            Tmut/Necr      #.........   100%        8    #######


Dungeon Overview and Level Annotations

Branches:
Dungeon (8/15)             Temple (0/1) D:6            Lair (4/6) D:8
 Shoals (0/4) Lair:2
  Snake: Lair:2-4    Spider: Lair:2-4

Altars:
Cheibriados
Dithmenos
Hepliaklqana
Makhleb
Nemelex Xobeh
Okawaru
Qazlal
Ru
Sif Muna
Zin
The Shining One


Innate Abilities, Weirdness & Mutations

You can spit globs of acid.
Your golden yellow scales are hard. (AC +7)
You cannot fit into any form of body armour.
You are cold-blooded and may be slowed by cold attacks.
You are resistant to acid. (rCorr)


Message History

The spray of energy hits the komodo dragon.
The komodo dragon is dazzled.
The komodo dragon bites you but does no damage.
You now have 20/30 mp.
You barely miss the komodo dragon. The komodo dragon closely misses you.
You hit the komodo dragon but do no damage.
You block the komodo dragon's attack.
You sock the komodo dragon!
The komodo dragon is no longer blind.
The komodo dragon barely misses you.
You hit the komodo dragon but do no damage.
The komodo dragon barely misses you.
You are feeling hungry.
You hit the komodo dragon. The komodo dragon closely misses you.
You barely miss the komodo dragon.
Your tail-slap misses the komodo dragon.
You block the komodo dragon's attack.
Aim: a komodo dragon (severely wounded)
The spray of energy hits the komodo dragon.
The komodo dragon bites you but does no damage.
You now have 19/30 mp.
You barely miss the komodo dragon. You barely miss the komodo dragon.
The komodo dragon barely misses you.
Unknown command.
Aim: a komodo dragon (severely wounded)
The spray of energy hits the komodo dragon.
The komodo dragon is dazzled.
The komodo dragon bites you!
You take 17 damage, and have 52/86 hp.
You now have 17/30 mp.
You barely miss the komodo dragon. You tail-slap the komodo dragon.
The komodo dragon bites you!!
You take 23 damage, and have 29/86 hp.
MASSIVE DAMAGE!!
You barely miss the komodo dragon. You block the komodo dragon's attack.
You hit the komodo dragon but do no damage.
You block the komodo dragon's attack.
You closely miss the komodo dragon.
The komodo dragon is no longer blind.
The komodo dragon bites you!
* * * LOW HITPOINT WARNING * * *
You take 15 damage, and have 15/86 hp.
Aim: a komodo dragon (severely wounded)
The orb of energy hits the komodo dragon!
You kill the komodo dragon!
Sif Muna accepts your kill.
Your Earth Magic skill increases to level 3!
You now have 14/30 mp.
You see here a komodo dragon corpse.
You butcher the komodo dragon corpse.
g - 5 chunks of flesh {@w0} You see here a komodo dragon skeleton.
You see here a club.
s - a scroll labeled LUVO BYETOIGG You now have 552 gold pieces (gained 5).
You start resting.
Eating one of 5 chunks of flesh {@w0}.
You eat one of the 5 chunks of flesh {@w0}.
The six-headed hydra is too close now for your liking.
You regained 3 hp, and now have 24/86 hp.
You regained 3 mp, and now have 23/30 mp.
Okay, then.
It was a potion of magic.
Magic courses through your body.
The six-headed hydra roars!
MP restored: 30
Okay, then.
You conjure a prism of explosive energy!
You now have 26/30 mp.
You conjure a prism of explosive energy!
Your fulminant prism crackles loudly.
You now have 22/30 mp.
The blast of energy engulfs the six-headed hydra!!
Your fulminant prism crackles loudly.
Aim: a fulminant prism (friendly) Really fire towards near your fulminant prism?
Okay, then.
Unknown command.
Aim: a six-headed hydra (moderately wounded)
The spray of energy hits the six-headed hydra!
You now have 20/30 mp.
Aim: a six-headed hydra (heavily wounded)
The spray of energy hits the six-headed hydra!
The six-headed hydra is dazzled.
The six-headed hydra closely misses you.
The six-headed hydra bites you!
* * * LOW HITPOINT WARNING * * *
The six-headed hydra misses you.
You block the six-headed hydra's attack.
The six-headed hydra bites you but does no damage. x2
You take 14 damage, and have 12/86 hp.
You now have 17/30 mp.
Aim: a six-headed hydra (heavily wounded, blind, hasn't noticed you)
The spray of energy hits the six-headed hydra!
The six-headed hydra bites you!
* * * LOW HITPOINT WARNING * * *
The six-headed hydra misses you.
You block the six-headed hydra's attack.
The six-headed hydra misses you. x3
You take 6 damage, and have 6/86 hp.
You now have 15/30 mp.
Okay, then.
Unknown command.
Aim: a six-headed hydra (severely wounded, blind)
You miscast Force Lance.
Sif Muna protects you from the effects of your miscast!
The six-headed hydra bites you!
You die...

#..###..#..P######
.................#
.................##
.................P#
.................#
..........)......#
.................#
.................#
^.......).......@##
................D.#
......รท..........##
..................#
.................##
..................#
..................#
.................##
........<........#


You could see a six-headed hydra (blind).

Vanquished Creatures
  Sonja (Lair:4)
  A lindwurm (Lair:4)
  2 black mambas
  The ghost of nikopol the Magician, a novice DEFE of Vehumet (D:6)
  2 rime drakes
  5 spiny frogs
  2 komodo dragons
  A polar bear (Lair:2)
  5 blink frogs (Lair:4)
  3 hippogriffs
  A wyvern (Lair:1)
  9 yaks (Lair:2)
  Grum (D:8)
  Menkaure (D:4)
  5 water moccasins
  7 porcupines
  Duvessa (D:6)
  An ice beast (D:6)
  2 orc warriors
  An eye of draining (D:8)
  4 black bears
  3 ogres
  2 phantoms (D:8)
  4 wolves (D:8)
  2 centaurs
  3 crocodiles
  2 bullfrogs
  2 gnoll sergeants (D:6)
  Dowan (D:6)
  A water moccasin skeleton (D:6)
  2 scorpions
  2 electric eels (Lair:1)
  A howler monkey (D:8)
  A crimson imp (D:8)
  2 centaur skeletons (D:7)
  4 jellies
  4 orc priests
  2 hounds (D:8)
  2 gnoll shamans
  An iguana (D:4)
  3 orc wizards
  6 worker ants
  10 gnolls
  6 adders
  A shadow imp (D:7)
  10 oozes
  An adder zombie (D:6)
  4 worms
  2 dart slugs (D:3)
  7 leopard geckos
  23 orcs
  13 giant cockroaches
  6 hobgoblins
  3 jackals (D:4)
  19 kobolds
  3 quokkas
  A ball python (D:4)
  7 bats
  5 frilled lizards
  15 goblins
  A quokka skeleton (D:4)
  9 rats
  A fulminant prism (Lair:1)
  2 fungi
  A plant (D:6)
256 creatures vanquished.

Vanquished Creatures (others)
  99 fulminant prisms
  5 fungi
  12 plants
  8 toadstools (D:3)
124 creatures vanquished.

Grand Total: 380 creatures vanquished

Notes
Turn   | Place    | Note
-------+----------+-------------------------------------------
     0 | D:1      | mhoghedin the Draconian Conjurer began the quest for the
                  | Orb.
     0 | D:1      | Reached XP level 1. HP: 14/14 MP: 3/3
   147 | D:1      | HP: 3/14 [goblin (2)]
   151 | D:1      | Reached XP level 2. HP: 4/20 MP: 0/5
   449 | D:1      | Learned a level 2 spell: Searing Ray
   748 | D:1      | Reached XP level 3. HP: 21/26 MP: 1/7
   932 | D:1      | Learned a level 3 spell: Dazzling Spray
  1361 | D:2      | Found an iron altar of Okawaru.
  1362 | D:2      | Found a stormy altar of Qazlal.
  1514 | D:2      | Reached skill level 3 in Spellcasting
  1600 | D:2      | Found a deep blue altar of Sif Muna.
  1649 | D:2      | Became a worshipper of Sif Muna the Loreminder
  1804 | D:2      | Reached XP level 4. HP: 33/33 MP: 6/8
  2024 | D:2      | Found a shadowy altar of Dithmenos.
  2190 | D:2      | Reached skill level 5 in Conjurations
  2523 | D:3      | Learned a level 4 spell: Fulminant Prism
  2689 | D:3      | Reached XP level 5. HP: 24/38 MP: 10/10
  2850 | D:3      | Found a burning altar of Makhleb.
  2850 | D:3      | Noticed an Executioner
  3147 | D:3      | Reached * piety under Sif Muna
  3151 | D:3      | Reached skill level 1 in Hexes
  3270 | D:3      | Found a snail-covered altar of Cheibriados.
  3423 | D:3      | Noticed a black bear
  3432 | D:3      | Killed a black bear
  3432 | D:3      | Reached skill level 6 in Conjurations
  3432 | D:3      | Reached skill level 2 in Hexes
  3432 | D:3      | Reached XP level 6. HP: 37/45 MP: 2/11
  3568 | D:3      | Found a hazy altar of Hepliaklqana.
  3864 | D:4      | Reached skill level 3 in Hexes
  3867 | D:4      | Noticed Menkaure
  3873 | D:4      | Killed Menkaure
  3873 | D:4      | Your scales start taking on a golden yellow colour.
  3873 | D:4      | Reached XP level 7. HP: 25/50 MP: 10/12
  3873 | D:4      | Gained mutation: You are resistant to acid. (rCorr) [Yellow
                  | Draconian growth]
  3881 | D:4      | Reached ** piety under Sif Muna
  4254 | D:4      | Found the +3 Elemental Staff {rElec rF++ rC++ MR++ AC+5}
  4317 | D:4      | Found a glowing golden altar of the Shining One.
  4671 | D:4      | Found a burning altar of Makhleb.
  4674 | D:4      | Found a glowing silver altar of Zin.
  4674 | D:4      | Noticed an angel
  4674 | D:4      | Noticed a blizzard demon
  4769 | D:5      | Entered Level 5 of the Dungeon
  4867 | D:5      | You fall into a shaft and drop 1 floor!
  4904 | D:6      | Reached skill level 4 in Spellcasting
  4904 | D:6      | Reached skill level 7 in Conjurations
  4904 | D:6      | Reached skill level 4 in Hexes
  4918 | D:6      | HP: 2/50 [orc warrior/+0 scimitar (24)]
  5147 | D:6      | Reached XP level 8. HP: 28/57 MP: 8/14
  5322 | D:6      | Noticed Duvessa
  5350 | D:6      | Killed Duvessa
  5350 | D:6      | Reached skill level 5 in Spellcasting
  5350 | D:6      | Reached skill level 5 in Hexes
  5457 | D:6      | Noticed Dowan
  5481 | D:6      | Killed Dowan
  5481 | D:6      | Reached *** piety under Sif Muna
  5630 | D:6      | Found a staircase to the Ecumenical Temple.
  5734 | D:6      | Reached skill level 1 in Fighting
  5734 | D:6      | Reached skill level 1 in Staves
  5734 | D:6      | Reached skill level 1 in Evocations
  5886 | D:6      | Identified the amulet "Dautator" {Acrobat -Tele rElec rF+}
  5887 | D:6      | Found a transporter.
  5935 | D:6      | Found a transporter.
  5951 | D:6      | Noticed nikopol's ghost (novice DEFE)
  5968 | D:6      | Reached skill level 2 in Fighting
  5978 | D:6      | Reached skill level 2 in Staves
  5978 | D:6      | Reached skill level 2 in Evocations
  6015 | D:6      | Killed nikopol's ghost
  6015 | D:6      | Reached skill level 3 in Fighting
  6015 | D:6      | Reached skill level 3 in Staves
  6015 | D:6      | Reached skill level 3 in Evocations
  6015 | D:6      | Reached XP level 9. HP: 57/70 MP: 0/16
  6351 | D:7      | Reached skill level 2 in Dodging
  6512 | D:7      | Reached skill level 4 in Fighting
  6523 | D:7      | Reached skill level 3 in Dodging
  6754 | D:7      | Found a sacrificial altar of Ru.
  7126 | D:8      | Found a sparkling altar of Nemelex Xobeh.
  7128 | D:8      | Noticed Grum
  7149 | D:8      | Reached skill level 4 in Staves
  7149 | D:8      | Reached skill level 4 in Evocations
  7153 | D:8      | Reached skill level 4 in Dodging
  7164 | D:8      | HP: 11/73 [Grum/-2 antimagic glaive (23)]
  7192 | D:7      | HP: 13/73 [adder (4)]
  7518 | D:8      | Killed Grum
  7518 | D:8      | Reached skill level 5 in Fighting
  7672 | D:8      | Reached skill level 1 in Shields
  7675 | D:8      | Reached skill level 2 in Shields
  7686 | D:8      | Reached skill level 3 in Shields
  8070 | D:8      | Found a staircase to the Lair.
  8074 | D:8      | Noticed a komodo dragon
  8093 | D:8      | Killed a komodo dragon
  8093 | D:8      | Reached skill level 4 in Shields
  8375 | Lair:1   | Entered Level 1 of the Lair of Beasts
  8391 | Lair:1   | Reached XP level 10. HP: 75/81 MP: 17/17
  8417 | Lair:1   | Reached skill level 8 in Conjurations
  8431 | Lair:1   | Noticed a black mamba
  8448 | Lair:1   | HP: 20/81 [black mamba (6)]
  8450 | Lair:1   | Killed a black mamba
  8453 | Lair:1   | HP: 11/81 [poisoned by a black mamba]
  8462 | Lair:1   | HP: 20/81 [poisoned by a black mamba]
  8468 | Lair:1   | HP: 18/81 [poisoned by a black mamba]
  8473 | Lair:1   | HP: 16/81 [poisoned by a black mamba]
  8479 | Lair:1   | HP: 15/81 [poisoned by a black mamba]
  8487 | Lair:1   | HP: 15/81 [poisoned by a black mamba]
  8892 | Lair:1   | Noticed a spiny frog
  8907 | Lair:1   | Killed a spiny frog
  8925 | Lair:1   | Reached **** piety under Sif Muna
  9211 | Lair:1   | Reached skill level 6 in Hexes
 10045 | Lair:2   | Found a gate leading to a gauntlet.
 10048 | Lair:2   | Noticed a six-headed hydra
 10062 | Lair:2   | Reached skill level 6 in Spellcasting
 10062 | Lair:2   | Reached skill level 9 in Conjurations
 10068 | Lair:2   | You fall into a shaft and drop 2 floors!
 10176 | Lair:4   | Noticed Sonja
 10202 | Lair:4   | Killed Sonja
 10287 | Lair:4   | Reached skill level 7 in Hexes
 10339 | Lair:4   | Reached XP level 11. HP: 63/86 MP: 14/21
 10340 | Lair:4   | Noticed a lindwurm
 10357 | Lair:4   | Reached ***** piety under Sif Muna
 10359 | Lair:4   | Killed a lindwurm
 10359 | Lair:4   | Reached skill level 7 in Spellcasting
 10360 | Lair:4   | HP: 19/86 [fulminant prism[the player character] (27)]
 10374 | Lair:3   | HP: 16/86 [spiny frog (7)]
 10379 | Lair:2   | HP: 14/129 [spiny frog (10)]
 10714 | Lair:2   | Learned a level 4 spell: Iskenderun's Mystic Blast
 10719 | Lair:2   | Learned a level 4 spell: Force Lance
 10727 | Lair:2   | Reached skill level 10 in Conjurations
 10729 | Lair:2   | Identified Sif Muna's Volume of Earthen Transformation (Sif
                  | Muna gifted it to you on level 2 of the Lair of Beasts)
 10729 | Lair:2   | Received a gift from Sif Muna
 11281 | Lair:2   | Learned a level 6 spell: Iron Shot
 11286 | Lair:2   | Found a staircase to the Shoals.
 11310 | Lair:2   | Reached skill level 11 in Conjurations
 11318 | Lair:2   | Reached skill level 1 in Earth Magic
 11356 | Lair:2   | Reached skill level 2 in Earth Magic
 11706 | Lair:2   | HP: 15/86 [komodo dragon (16)]
 11707 | Lair:2   | Reached skill level 3 in Earth Magic
 11753 | Lair:2   | HP: 12/86 [six-headed hydra (14)]
 11757 | Lair:2   | Mangled by a six-headed hydra

Levels and vault maps discovered:
D:1:      saegor_arrival_miasma, layout_loops_ring
D:2:      layout_basic, gammafunk_temple_overflow_statue, lemuel_blue_sif_altar,
          nicolae_dithmenos_through_a_glass_darkly
D:3:      cheibrodos_fertilizer, layout_basic, overflow_temple_1_default,
          cheibriados_altar_1, makhleb_altar_promises_db
D:4:      layout_loops_ring, grunt_temple_overflow_order_and_chaos_2,
          kennysheep_little_box, first_ration, uniq_menkaure
D:5:      layout_loops_ring, overflow_temple_1_default, serial_shops, shop
D:6:      layout_rooms, minmay_temple_entry_hall, gammafunk_ghost_gnarly_gnolls,
          uniq_duvessa
D:7:      layout_gridville, nicolae_ru_path_of_blood
D:8:      layout_rooms, nemelex_xobeh_ov_fountains_minmay, david_lair_shrubbed,
          uniq_grum
Lair:1:   layout_regular_city, minivault_19, grunt_forest_small_clearings,
          serial_bayou_lake_a
Lair:2:   layout_long_grid, elwin_shoals_entry_rocks, gauntlet_entry_generic
Lair:3:   layout_chaotic_city, grunt_megastairs_4, infiniplex_staircase_pool,
          minmay_lair_oklob_chamber, uniq_rupert, uniq_urug
Lair:4:   layout_cave_pods, nicolae_spider_entry_non_spiders,
          ebering_ghost_rock_garden, infiniplex_staircase_pool_2, uniq_sonja,
          uniq_kirke

Skill      XL: |  1  2  3  4  5  6  7  8  9 10 11 |
---------------+----------------------------------+-----
Spellcasting   | 3 4 5 6 7 |  7.1
Conjurations   | 5 6 7 9 11 | 11.4
Hexes          | 2 3 4 5 7 |  7.5
Fighting       | 3 5 |  5.0
Staves         | 3 4 |  4.6
Evocations     | 3 4 |  4.5
Dodging        | 4 |  4.6
Shields        | 4 |  4.2
Earth Magic    | 3 |  3.1
Stealth        | |  1.7

Action                   |  1- 3 |  4- 6 |  7- 9 | 10-12 || total
-------------------------+-------+-------+-------+-------++-------
Melee: Club              |    41 |       |       |       ||    41
       Unarmed           |     5 |       |       |       ||     5
       Tailslap          |     5 |     9 |    24 |    11 ||    49
       Whip              |       |    31 |       |       ||    31
       Short sword       |       |    44 |    11 |       ||    55
       Staff             |       |       |   158 |   133 ||   291
 Cast: Magic Dart        |    53 |    24 |     5 |     1 ||    83
       Searing Ray       |     5 |    13 |     6 |     9 ||    33
       Dazzling Spray    |       |     3 |     6 |    30 ||    39
       Fulminant Prism   |       |     5 |    58 |    37 ||   100
       Iskenderun's Myst |       |       |       |    15 ||    15
Invok: Divine Energy     |       |     1 |       |       ||     1
 Abil: Breathe Acid      |       |       |     3 |     2 ||     5
Evoke: Wand              |       |       |     1 |       ||     1
  Use: Scroll            |       |       |    12 |     1 ||    13
       Potion            |       |       |     2 |     9 ||    11
 Stab: Sleeping          |       |     1 |     1 |       ||     2
       Invisible         |       |       |     1 |     6 ||     7
  Eat: Chunk             |     3 |       |    10 |    12 ||    25
       Ration            |       |     3 |     4 |     2 ||     9
Armor: Skin              |    28 |    38 |    90 |    77 ||   233
Dodge: Dodged            |    64 |    64 |   188 |   231 ||   547
Block: Buckler           |       |       |    16 |    61 ||    77

Table legend:
 A = Non-vault XP
 B = Vault XP
 C = Vault XP percentage of total XP
 D = Non-vault monster count
 E = Vault monster count
 F = Vault count percentage of total count
                 A         B        C        D         E       F
            +---------+---------+-------+---------+---------+-------
      Total |   14118 |    3546 |  20.1 |     205 |      47 |  18.7
            +---------+---------+-------+---------+---------+-------
        D:1 |      53 |       0 |   0.0 |      31 |       0 |   0.0
        D:2 |      81 |       0 |   0.0 |      17 |       0 |   0.0
        D:3 |     217 |     201 |  48.1 |      29 |      20 |  40.8
        D:4 |     184 |     169 |  47.9 |      18 |       1 |   5.3
        D:5 |       2 |       0 |   0.0 |       1 |       0 |   0.0
        D:6 |    1039 |     965 |  48.2 |      19 |      12 |  38.7
        D:7 |     752 |       0 |   0.0 |      24 |       0 |   0.0
        D:8 |     925 |     874 |  48.6 |      18 |       6 |  25.0
     Lair:1 |    2732 |       0 |   0.0 |      16 |       0 |   0.0
     Lair:2 |    5677 |     483 |   7.8 |      24 |       3 |  11.1
     Lair:4 |    2456 |     854 |  25.8 |       8 |       5 |  38.5
            +---------+---------+-------+---------+---------+-------

Levels and vault maps discovered:
D:1:      saegor_arrival_miasma, layout_loops_ring
D:2:      layout_basic, gammafunk_temple_overflow_statue, lemuel_blue_sif_altar,
          nicolae_dithmenos_through_a_glass_darkly
D:3:      cheibrodos_fertilizer, layout_basic, overflow_temple_1_default,
          cheibriados_altar_1, makhleb_altar_promises_db
D:4:      layout_loops_ring, grunt_temple_overflow_order_and_chaos_2,
          kennysheep_little_box, first_ration, uniq_menkaure
D:5:      layout_loops_ring, overflow_temple_1_default, serial_shops, shop
D:6:      layout_rooms, minmay_temple_entry_hall, gammafunk_ghost_gnarly_gnolls,
          uniq_duvessa
D:7:      layout_gridville, nicolae_ru_path_of_blood
D:8:      layout_rooms, nemelex_xobeh_ov_fountains_minmay, david_lair_shrubbed,
          uniq_grum
Lair:1:   layout_regular_city, minivault_19, grunt_forest_small_clearings,
          serial_bayou_lake_a
Lair:2:   layout_long_grid, elwin_shoals_entry_rocks, gauntlet_entry_generic
Lair:3:   layout_chaotic_city, grunt_megastairs_4, infiniplex_staircase_pool,
          minmay_lair_oklob_chamber, uniq_rupert, uniq_urug
Lair:4:   layout_cave_pods, nicolae_spider_entry_non_spiders,
          ebering_ghost_rock_garden, infiniplex_staircase_pool_2, uniq_sonja,
          uniq_kirke

Table legend:
 A = Turns spent in this place as a percentage of turns spent in the entire game.
 B = Non-inter-level travel turns spent in this place as a percentage of non-inter-level travel turns spent in the entire game.
 C = Inter-level travel turns spent in this place as a percentage of turns spent in this place.
 D = Turns resting spent in this place as a percentage of non-inter-level travel turns spent in this place.
 E = Turns spent auto-exploring this place as a percentage of non-inter-level travel turns spent in this place.
 F = Non-inter-level travel turns spent in this place divided by the number of levels of this place that you've seen.
                   A       B       C       D       E      F
               +-------+-------+-------+-------+-------+----------------------
         Total | 100.0 | 100.0 |   3.6 |  44.3 |  36.2 | 944.9
       Dungeon |  71.2 |  70.3 |   4.9 |  38.5 |  41.7 | 996.0
          Lair |  28.8 |  29.7 |   0.3 |  57.9 |  23.0 | 842.8
               +-------+-------+-------+-------+-------+----------------------

Table legend:
 A = Kills in this place as a percentage of kills in entire the game.
 B = Kills by you in this place as a percentage of kills by you in the entire game.
 C = Kills by friends in this place as a percentage of kills by friends in the entire game.
 D = Other kills in this place as a percentage of other kills in the entire game.
 E = Experience gained in this place as a percentage of experience gained in the entire game.
 F = Experience gained in this place divided by the number of levels of this place that you have seen.
                   A       B       C       D       E      F
               +-------+-------+-------+-------+-------+----------------------
         Total | 100.0 | 100.0 |   N/A |   N/A | 100.0 | 1472.0
       Dungeon |  77.8 |  77.8 |   N/A |   N/A |  30.9 | 682.8
          Lair |  22.2 |  22.2 |   N/A |   N/A |  69.1 | 3050.5
               +-------+-------+-------+-------+-------+----------------------
